 Dungeon Crawl Stone Soup version 0.22.1-2-g9c5b331383 (webtiles) character file.

3345 Peloso the Carver (level 9, -5/78 HPs)
             Began as a Minotaur Fighter on Jan 7, 2019.
             Was a Priest of Okawaru.
             Slain by a white ugly thing (24 damage)
             ... on level 8 of the Dungeon.
             The game lasted 00:16:22 (6603 turns).

Peloso the Carver (Minotaur Fighter)                Turns: 6603, Time: 00:16:23

Health: -5/78      AC: 17    Str: 23    XL:     9   Next: 72%
Magic:  6/8        EV: 10    Int:  5    God:    Okawaru [***...]
Gold:   363        SH: 14    Dex: 11    Spells: 8/8 levels left

rFire    + + .     SeeInvis .   a - +1 long sword
rCold    . . .     Gourm    .   c - +1 shield
rNeg     + . .     Faith    .   I - +0 plate armour
rPois    +         Spirit   .   (helmet restricted)
rElec    .         Reflect  .   J - scarf {repulsion}
rCorr    +         Harm     .   q - +0 pair of gloves
MR       .....                  (no boots)
Stlth    ..........             (no amulet)
HPRegen  0.23/turn              C - ring "Jeotokki" {rCorr rPois rF+ rN+}
MPRegen  0.11/turn              G - ring of protection from fire

@: heroism, repel missiles
A: retaliatory headbutt, horns 2
a: Heroism, Renounce Religion


You were on level 8 of the Dungeon.
You worshipped Okawaru.
Okawaru was most pleased with you.
You were not hungry.

You visited 1 branch of the dungeon, and saw 8 of its levels.
You also visited: Ossuary.

You collected 363 gold pieces.

Inventory:

Hand Weapons
 a - a +1 long sword (weapon)
Armour
 b - a +0 scale mail
 c - a +1 shield (worn)
 q - a +0 pair of gloves (worn)
 I - a +0 plate armour (worn)
 J - a scarf of repulsion (worn)
Jewellery
 r - an uncursed ring of wizardry
 C - the ring "Jeotokki" (left hand) {rCorr rPois rF+ rN+}
   (You found it on level 7 of the Dungeon)

   [ring of resist corrosion]

   It protects you from fire.
   It protects you from poison.
   It protects you from negative energy.
 G - a ring of protection from fire (right hand)
Wands
 u - a wand of flame (21)
 F - a wand of enslavement (8)
 M - a wand of acid (9)
Scrolls
 e - 3 scrolls of teleportation
 k - 10 scrolls of remove curse
 l - 2 scrolls of enchant weapon
 o - a scroll of brand weapon {unknown}
 t - a scroll of summoning {unknown}
 x - a scroll of magic mapping {unknown}
 y - 2 scrolls of random uselessness {unknown}
 B - 3 scrolls of identify
 D - 2 scrolls of enchant armour
 H - a scroll of holy word {unknown}
 L - a scroll of immolation {unknown}
Potions
 d - 4 potions of might
 g - a potion of agility
 h - 3 potions of degeneration {unknown}
 i - a potion of invisibility {unknown}
 j - 6 potions of lignification {unknown}
 m - 3 potions of mutation {unknown}
 n - 2 potions of brilliance {unknown}
 p - a potion of resistance {unknown}
 s - a potion of ambrosia {unknown}
 v - 2 potions of curing {unknown}
 w - 2 potions of berserk rage {unknown}
 z - a potion of magic {unknown}
 A - 6 potions of heal wounds {unknown}
 E - 2 potions of flight {unknown}
Comestibles
 f - 16 rations
 K - 3 chunks of flesh


   Skills:
 + Level 6.9(11.9) Fighting
 + Level 10.6(15.6) Long Blades
 + Level 8.2(13.2) Armour
 + Level 2.7(7.7) Dodging
 + Level 0.4(5.4) Stealth
 + Level 8.7(13.7) Shields
 + Level 0.1 Invocations


You had 8 spell levels left.
You didn't know any spells.
Your spell library was empty.

Dungeon Overview and Level Annotations

Branches:
Dungeon (8/15)             Temple (0/1) D:6
   Lair: D:8-11

Altars:
Ashenzari
Elyvilon
Fedhas
Okawaru
Qazlal
Trog
Vehumet
Xom
Yredelemnul

Shops:
D:5 (   D:8 %


Innate Abilities, Weirdness & Mutations

You reflexively headbutt those who attack you in melee.
You have a pair of horns on your head.


Message History

The white ugly thing is moderately wounded.
Unknown command.
You slash the white ugly thing!
You headbutt the white ugly thing, but do no damage.
The white ugly thing is heavily wounded.
The white ugly thing closely misses you.
Unknown command.
You slash the white ugly thing!
Your headbutt misses the white ugly thing.
The white ugly thing is heavily wounded.
You block the white ugly thing's attack.
You barely miss the white ugly thing.
Your headbutt misses the white ugly thing.
The white ugly thing is heavily wounded.
You hit the white ugly thing.
The white ugly thing is severely wounded.
The white ugly thing kicks you.
* * * LOW HITPOINT WARNING * * *
The white ugly thing freezes you!!
You die...

.....#.#########
.............###.
##.......##......
#####.......>...
#.##)..###..
##........#..
######............
#######....(....#.......
......u@$....####...#...
.........#..............
.....###................
........##..............
####.............#####..
#####.........# #..
###..>(...# #..
##.......#+++#.# ###
#########...............


You could see a white ugly thing.

Vanquished Creatures
  A wraith (Ossuary)
  A hungry ghost (D:8)
  A water moccasin (D:8)
  2 orc warriors
  A sky beast (D:6)
  3 black bears
  A phantom (D:7)
  7 ogres
  A centaur (D:5)
  A big kobold (D:8)
  3 bullfrogs
  2 scorpions
  4 killer bees (D:8)
  A howler monkey (D:4)
  4 crimson imps
  4 orc priests
  A hound (D:8)
  3 jellies (D:3)
  7 orc wizards
  7 worker ants
  A killer bee zombie (D:7)
  A mummy (Ossuary)
  A hound zombie (D:5)
  A howler monkey zombie (D:8)
  A worker ant zombie (D:6)
  11 adders
  A shadow imp (D:6)
  8 oozes (D:3)
  An adder skeleton (D:5)
  4 worms
  2 dart slugs
  4 leopard geckos
  26 orcs
  10 bats
  3 giant cockroaches
  6 goblins
  13 hobgoblins
  3 jackals (D:8)
  5 quokkas
  3 ball pythons
  A frilled lizard (D:2)
  8 gnoll skeletons (Ossuary)
  A goblin zombie (D:4)
  2 jackal skeletons (D:4)
  15 kobolds
  6 kobold skeletons (Ossuary)
  A leopard gecko zombie (D:6)
  11 orc skeletons (Ossuary)
  A quokka zombie (D:4)
  6 rats
  2 fungi (D:3)
214 creatures vanquished.

Vanquished Creatures (others)
  A giant cockroach (D:2)
  3 fungi (D:3)
  7 toadstools (D:3)
11 creatures vanquished.

Grand Total: 225 creatures vanquished

Notes
Turn   | Place    | Note
-------+----------+-------------------------------------------
     0 | D:1      | Peloso the Minotaur Fighter began the quest for the Orb.
     0 | D:1      | Reached XP level 1. HP: 19/19 MP: 0/0
   107 | D:1      | Reached XP level 2. HP: 16/27 MP: 1/1
   341 | D:1      | Reached skill level 3 in Long Blades
   653 | D:2      | Reached XP level 3. HP: 13/33 MP: 2/2
  1002 | D:2      | Found a radiant altar of Vehumet.
  1342 | D:2      | Found a basalt altar of Yredelemnul.
  1342 | D:2      | Found a shattered altar of Ashenzari.
  1746 | D:3      | Reached XP level 4. HP: 30/40 MP: 3/3
  2064 | D:3      | Found a blossoming altar of Fedhas.
  2092 | D:3      | Reached skill level 1 in Dodging
  2511 | D:3      | Reached XP level 5. HP: 46/47 MP: 4/4
  2517 | D:3      | Reached skill level 4 in Long Blades
  2542 | D:3      | Reached skill level 5 in Armour
  2707 | D:3      | Found a stormy altar of Qazlal.
  2719 | D:3      | Found a bloodstained altar of Trog.
  2943 | D:4      | Reached XP level 6. HP: 42/53 MP: 5/5
  2948 | D:4      | Reached skill level 5 in Long Blades
  3047 | D:4      | Found a sand-covered staircase.
  3055 | Ossuary  | Entered an ossuary
  3055 | Ossuary  | Noticed a wraith
  3055 | Ossuary  | Noticed a wraith
  3055 | Ossuary  | Noticed a wraith
  3214 | Ossuary  | Noticed a wraith
  3235 | Ossuary  | Killed a wraith
  3235 | Ossuary  | Reached skill level 5 in Shields
  3352 | D:4      | Reached XP level 7. HP: 39/60 MP: 6/6
  3524 | D:4      | Reached skill level 5 in Fighting
  3696 | D:5      | Entered Level 5 of the Dungeon
  3733 | D:4      | Reached skill level 6 in Long Blades
  3915 | D:5      | Found an iron altar of Okawaru.
  3923 | D:5      | Became a worshipper of Warmaster Okawaru
  3926 | D:5      | Found Bis Ygum's Weapon Shop.
  3983 | D:5      | Found a shimmering altar of Xom.
  3983 | D:5      | Found a white marble altar of Elyvilon.
  4335 | D:6      | Reached XP level 8. HP: 51/69 MP: 7/7
  4337 | D:6      | Reached skill level 7 in Long Blades
  4539 | D:6      | Reached * piety under Okawaru
  4814 | D:6      | Reached skill level 8 in Long Blades
  5070 | D:6      | Found a staircase to the Ecumenical Temple.
  5460 | D:7      | Reached ** piety under Okawaru
  5491 | D:7      | Reached XP level 9. HP: 77/77 MP: 8/8
  5525 | D:7      | Reached skill level 9 in Long Blades
  5916 | D:7      | Got a transparent silver ring
  6160 | D:7      | Identified the ring "Jeotokki" {rCorr rPois rF+ rN+} (You
                  | found it on level 7 of the Dungeon)
  6181 | D:8      | Found Wizay's Food Boutique.
  6251 | D:8      | Reached skill level 10 in Long Blades
  6441 | D:8      | Reached *** piety under Okawaru
  6591 | D:8      | Noticed a white ugly thing
  6603 | D:8      | Slain by a white ugly thing

Skill      XL: |  1  2  3  4  5  6  7  8  9 |
---------------+----------------------------+-----
Shields        | 4 5 6 7 8 |  8.7
Fighting       | 4 5 6 |  6.9
Long Blades    | 3 4 5 6 8 10 | 10.6
Armour         | 4 5 6 7 8 |  8.2
Dodging        | 1 2 |  2.7
Stealth        | |  0.4
Invocations    | |  0.1

Action                   |  1- 3 |  4- 6 |  7- 9 || total
-------------------------+-------+-------+-------++-------
Melee: Long sword        |    85 |   212 |   365 ||   662
       Headbutt          |    13 |    46 |    73 ||   132
Invok: Heroism           |       |       |     3 ||     3
  Use: Scroll            |       |     5 |       ||     5
  Eat: Chunk             |     1 |     4 |    12 ||    17
       Ration            |       |     1 |       ||     1
Armor: Scale mail        |    55 |    10 |       ||    65
       Chain mail        |       |    93 |    79 ||   172
       Plate armour      |       |       |   101 ||   101
Dodge: Dodged            |    34 |    54 |    83 ||   171
       Deflected         |       |       |     1 ||     1
Block: Shield            |    66 |   117 |   213 ||   396
       Rpst.: Long sword |     9 |    17 |    20 ||    46
